 Dungeon Crawl Stone Soup version 0.31-a0-889-g1a8549509d (webtiles) character file.

Game seed: 10046627686947962218

12516 jasper the Warrior (level 11, -7/135 HPs)
             Began as an Ogre Air Elementalist on Oct 16, 2023.
             Was a Follower of Vehumet.
             Mangled by a sixfirhy (12 damage)
             ... summoned by a kobold demonologist
             ... on level 11 of the Dungeon.
             The game lasted 00:23:36 (12145 turns).

jasper the Warrior (Ogre Air Elementalist)         Turns: 12145, Time: 00:23:36

Health: -7/135     AC: 10    Str: 14    XL:     11   Next: 94%
Magic:  7/17       EV:  9    Int: 20    God:    Vehumet [*.....]
Gold:   360        SH:  0    Dex:  9    Spells: 6/18 levels left

rFire   + + .        C - staff of conjuration
rCold   + . .        (no shield)
rNeg    + . .        Z - +2 robe {rC+ rF+}
rPois   .            (helmet restricted)
rElec   .            c - +0 cloak
rCorr   .            (gloves unavailable)
SInv    .            (boots unavailable)
Will    +....        o - amulet of magic regeneration
Stlth   +            j - +4 ring of protection
HPRegen 0.42/turn    T - ring "Nurphykh" {rF+ rN+}
MPRegen 0.55/turn

%: no passive effects
@: very slightly contaminated
A: large, unfitting armour, tough skin 1
a: Renounce Religion


You were on level 11 of the Dungeon.
You worshipped Vehumet.
Vehumet was aware of your devotion.
You visited 2 branches of the dungeon, and saw 12 of its levels.

You collected 696 gold pieces.
You spent 336 gold pieces at shops.

Inventory:

Missiles
 b - 4 curare-tipped darts
 h - 14 boomerangs
 z - 22 poisoned darts
Armour
 c - a +0 cloak (worn)
 A - a +0 kite shield
 I - an orb of mayhem
 Z - a +2 robe of resistance (worn)
Magical Staves
 C - a staff of conjuration (weapon)
Jewellery
 a - a ring of magical power
 j - a +4 ring of protection (left hand)
 o - an amulet of magic regeneration (around neck)
 s - an amulet of guardian spirit
 K - a ring of resist corrosion
 R - the amulet of Elemental Vulnerability {rPois rF-- rC-- AC+8}
   (You found it on level 8 of the Dungeon)

   [amulet of nothing]

   AC+8:      It affects your AC (+8).
   rF--:      It makes you very vulnerable to fire.
   rC--:      It makes you very vulnerable to cold.
   rPois:     It protects you from poison
 T - the ring "Nurphykh" (right hand) {rF+ rN+}
   (You found it on level 8 of the Dungeon)

   [ring of positive energy]

   rF+:       It protects you from fire.
   rN+:       It protects you from negative energy.
Talismans
 e - a flux talisman
 p - a serpent talisman
Wands
 v - a wand of roots (11)
 F - a wand of digging (4)
 G - a wand of paralysis (10)
 S - a wand of flame (22)
 U - a wand of polymorph (8)
 V - a wand of mindburst (12)
Scrolls
 f - a scroll of butterflies
 k - 3 scrolls of amnesia
 w - a scroll of fear
 x - 3 scrolls of teleportation
 y - a scroll of vulnerability
 J - a scroll of noise {unknown}
 N - a scroll of brand weapon
 O - a scroll of revelation {unknown}
 P - a scroll of blinking
 Q - a scroll of identify
 W - a scroll of immolation
 X - 3 scrolls of enchant armour {unknown}
 Y - a scroll of fog
Potions
 l - a potion of might
 m - 4 potions of attraction
 n - 8 potions of curing
 q - 2 potions of haste
 t - 3 potions of brilliance
 u - a potion of degeneration
 B - 2 potions of lignification
 D - a potion of berserk rage {unknown}
 E - a potion of resistance {unknown}
 L - a potion of ambrosia {unknown}
Miscellaneous
 M - a tin of tremorstones (inert)


   Skills:
 + Level 15.8 Fighting
 - Level 1.7 Dodging
 - Level 1.4 Stealth
 - Level 4.0 Spellcasting
 - Level 5.0 Conjurations
 - Level 12.0 Air Magic


You had 6 spell levels left.
You knew the following spells:

 Your Spells              Type           Power      Damage    Failure   Level
a - Shock                 Conj/Air       100%       1d9       1%          1
b - Static Discharge      Conj/Air       100%       2-7/arc   1%          2
c - Swiftness             Air            51%        N/A       1%          3
d - Airstrike             Air            25%        2d(4-20)  1%          4
e - Cigotuvi's Dreadful   Necr/Pois/Air  40%        N/A       3%          2

Your spell library contained the following spells:

 Spells                   Type           Power      Damage    Failure   Level
 Magic Dart               Conj           100%       1d8       1%          1
 Kiss of Death            Conj/Necr      84%        2d11      4%          1
 Lesser Beckoning         Tloc           8%         N/A       19%         2
 Confusing Touch          Hex            4%         N/A       36%         3
 Frozen Ramparts          Ice            8%         1d2       36%         3
 Gell's Gravitas          Tloc           4%         N/A       36%         3
 Teleport Other           Tloc           4%         N/A       36%         3
 Dispel Undead            Necr           4%         3d7       77%         4
 Petrify                  Tmut/Erth      4%         N/A       77%         4
 Metabolic Englaciation   Hex/Ice        2%         N/A       98%         5
 Death Channel            Necr           2%         N/A       100%        6


Dungeon Overview and Level Annotations

Branches:
Dungeon (11/15)            Temple (1/1) D:7            Lair (0/5) D:9
    Orc (0/2) D:9

Altars:
Ashenzari
Cheibriados
Dithmenos
Elyvilon
Fedhas
Gozag
Hepliaklqana
Kikubaaqudgha
Makhleb
Nemelex Xobeh
Okawaru
Qazlal
Ru
Sif Muna
Uskayaw
Vehumet
Wu Jian
Xom
Yredelemnul
Zin
The Shining One

Shops:
D:4 !   D:6 [   D:7 !:=*

Annotations:
D:3 exclusion: moth of wrath
D:8 3 runed translucent doors, XomNomNom's ghost, novice HOMo


Innate Abilities, Weirdness & Mutations

You are too large for most types of armour.
You have tough skin. (AC +1)


Message History

The kobold demonologist is struck by an arc of lightning.
You kill the kobold demonologist!
Vehumet accepts your kill.
The shadow imp disappears in a puff of smoke!
You are struck by an arc of lightning.
The sixfirhy barely misses you. x3
The sixfirhy hits you!
* * * LOW HITPOINT WARNING * * *
The sixfirhy shocks you!
* * * LOW HITPOINT WARNING * * *
You take 25 damage, and have 23/135 hp.
You now have 7/17 mp.
Okay, then.
The tremorstone explodes into fragments!
The burst of rock shards engulfs the kobold!!
You kill the kobold!
Vehumet accepts your kill.
The burst of rock shards engulfs the kobold demonologist!
The burst of rock shards engulfs the sixfirhy!
You hear a shout! x4; You hear a roar!
You hear a shout!
The sixfirhy barely misses you.
The tremorstone explodes into fragments!
The burst of rock shards engulfs the kobold demonologist!
The burst of rock shards engulfs the sixfirhy!!
The burst of rock shards engulfs you!
* * * LOW HITPOINT WARNING * * *
The tin is emptied!
The kobold demonologist looks satisfied for a moment.
You take 7 damage, and have 16/135 hp.
Okay, then.
Unknown command.
Casting: Static Discharge (safe; 1% risk of failure)
Confirm with . or Enter, or press ? or * to list all spells.
Aiming: Shock (safe; 1% risk of failure)
Press: ? - help, Shift-Dir - straight line, f - kobold demonologist
Aim: a kobold demonologist, wielding a +0 dagger and wearing a +0 robe (heavily wounded, 64% to hit)
You feel a surge of power!
You miscast Shock.
You are very lightly contaminated with residual magic.
Nothing appears to happen.
The sixfirhy hits you!
* * * LOW HITPOINT WARNING * * *
The sixfirhy shocks you!
You die...

######.#..#### #.##
#.#.....## ...#
##.##.#...# #..# ##
#.....#[..###..# ..
#.............<# ..
#^#######.###.<####
.. #. #.##......#
.. #. #.##.)..>)#
.. ## #.##@###..#
.. #.##3# ..# ..
#.##K# ... ..
#.##). .#.# . #..
.# . #..# #..# #..#


You could see a kobold demonologist and a sixfirhy (summoned).

Vanquished Creatures
  Sonja (D:11)
  Psyche (D:11)
  A gargoyle (D:11)
  An unseen horror (D:10)
  Jeremiah (D:6)
  A kobold demonologist (D:11)
  A komodo dragon (D:9)
  A rime drake (D:9)
  A polar bear (D:9)
  2 trolls
  A vampire (D:11)
  A wraith (D:11)
  2 wyverns
  19 yaks
  Eustachio (D:5)
  An acid dragon (D:11)
  4 water moccasins
  6 orc warriors
  A sky beast (D:7)
  8 ice beasts
  3 wolves (D:9)
  An ogre (D:7)
  A centaur (D:6)
  3 bullfrogs
  2 necrophages (D:5)
  A wyvern zombie (D:5)
  2 gnoll sergeants
  5 scorpions
  18 wights
  14 killer bees
  2 howler monkeys
  A centaur zombie (D:5)
  7 orc priests
  A bullfrog zombie (D:5)
  A jelly (D:4)
  A human zombie (D:5)
  A hound (D:6)
  6 iguanas
  4 sleepcaps
  11 orc wizards
  A howler monkey zombie (D:5)
  3 mummies (D:5)
  10 gnolls
  10 adders
  3 shadow imps (D:5)
  2 white imps
  10 ufetubi
  A worm (D:5)
  5 dart slugs
  42 orcs
  7 bats
  11 endoplasms
  5 giant cockroaches
  8 goblins
  4 hobgoblins
  2 jackals (D:2)
  3 quokkas
  5 ball pythons
  6 frilled lizards
  12 kobolds
  8 rats
298 creatures vanquished.

Notes
Turn   | Place    | Note
-------+----------+-------------------------------------------
     0 | D:1      | jasper the Ogre Air Elementalist began the quest for the
                  | Orb.
     0 | D:1      | Reached XP level 1. HP: 16/16 MP: 3/3
    34 | D:1      | Reached skill level 1 in Conjurations
   103 | D:1      | Reached XP level 2. HP: 20/24 MP: 0/5
   106 | D:1      | Learned a level 2 spell: Static Discharge
   610 | D:1      | Reached XP level 3. HP: 31/31 MP: 2/7
   614 | D:1      | Learned a level 3 spell: Swiftness
  1547 | D:2      | Reached XP level 4. HP: 35/39 MP: 6/9
  2344 | D:3      | Learned a level 4 spell: Airstrike
  2616 | D:3      | Reached XP level 5. HP: 45/45 MP: 6/10
  2624 | D:3      | Learned a level 2 spell: Cigotuvi's Dreadful Rot
  3021 | D:3      | Noticed a moth of wrath
  3298 | D:4      | Found Gisoem's Distillery.
  3304 | D:4      | Reached XP level 6. HP: 53/53 MP: 9/12
  3315 | D:4      | Bought a potion of curing for 33 gold pieces
  3315 | D:4      | Bought a potion of brilliance for 44 gold pieces
  3315 | D:4      | Bought a potion of heal wounds for 55 gold pieces
  3606 | D:4      | Found a stormy altar of Qazlal.
  3608 | D:4      | Noticed a fire elemental
  3608 | D:4      | Noticed a water elemental
  3609 | D:4      | Noticed an air elemental
  3764 | D:5      | Entered Level 5 of the Dungeon
  3846 | D:5      | Reached XP level 7. HP: 58/59 MP: 3/13
  3930 | D:5      | Noticed Eustachio
  3959 | D:5      | Reached skill level 5 in Conjurations
  3959 | D:5      | Reached skill level 1 in Fighting
  3961 | D:5      | Killed Eustachio
  3962 | D:5      | Reached skill level 2 in Fighting
  4180 | D:5      | Reached skill level 3 in Fighting
  4203 | D:5      | Reached skill level 5 in Air Magic
  4232 | D:5      | Reached skill level 4 in Fighting
  4232 | D:5      | Reached XP level 8. HP: 79/79 MP: 10/14
  4439 | D:5      | Reached skill level 5 in Fighting
  4485 | D:5      | Reached skill level 6 in Fighting
  4670 | D:5      | Found a basalt altar of Yredelemnul.
  4849 | D:6      | Found Ixioq's Armour Shoppe.
  4936 | D:6      | Reached skill level 7 in Fighting
  4938 | D:6      | Noticed Jeremiah
  4943 | D:6      | Killed Jeremiah
  4944 | D:6      | Reached skill level 8 in Fighting
  4944 | D:6      | Reached XP level 9. HP: 61/96 MP: 5/15
  5203 | D:6      | Found an opulent altar of Gozag.
  5310 | D:6      | Reached skill level 9 in Fighting
  5839 | D:7      | Found Boloacue's Distillery.
  5842 | D:7      | Bought 2 potions of curing for 72 gold pieces
  5842 | D:7      | Bought a potion of heal wounds for 60 gold pieces
  5842 | D:7      | Bought a potion of lignification for 36 gold pieces
  5842 | D:7      | Bought a potion of lignification for 36 gold pieces
  5850 | D:7      | Found Guliemel's Book Boutique.
  6208 | D:7      | Found a staircase to the Ecumenical Temple.
  6217 | Temple   | Entered the Ecumenical Temple
  6246 | D:7      | Reached skill level 10 in Fighting
  6299 | D:7      | Found Ynteq's Jewellery Shop.
  6619 | D:7      | Reached XP level 10. HP: 99/111 MP: 8/16
  6859 | D:7      | Found Orchauged's Assorted Antiques.
  6864 | D:7      | Reached skill level 11 in Fighting
  6936 | D:7      | You fall into a shaft and drop 3 floors!
  6936 | D:10     | Entered Level 10 of the Dungeon
  7025 | D:9      | Found an ancient bone altar of Kikubaaqudgha.
  7297 | D:9      | Found a staircase to the Lair.
  7331 | D:9      | Reached skill level 12 in Fighting
  7896 | D:9      | Reached skill level 10 in Air Magic
  7976 | D:8      | Found a runed translucent gate.
  7976 | D:8      | Found a runed translucent gate.
  7976 | D:8      | Found a runed translucent gate.
  7976 | D:8      | Noticed XomNomNom's ghost (novice HOMo)
  8509 | D:8      | Found the amulet of Elemental Vulnerability {rPois rF--
                  | rC-- AC+8}
  8620 | D:8      | Reached skill level 13 in Fighting
  9050 | D:8      | Identified the ring "Nurphykh" {rF+ rN+}
  9548 | D:9      | Reached XP level 11. HP: 103/127 MP: 11/17
  9727 | D:9      | Found a staircase to the Orcish Mines.
  9844 | D:9      | Found a hazy altar of Hepliaklqana.
  9884 | D:9      | Identified the +7 chain mail of the Lute {rElec rPois
                  | Will+}
 10331 | D:9      | Reached skill level 14 in Fighting
 10468 | D:10     | Found a glowing silver altar of Zin.
 11203 | D:10     | Found a white marble altar of Elyvilon.
 11204 | D:10     | Found a radiant altar of Vehumet.
 11209 | D:10     | Became a worshipper of Vehumet
 11324 | D:11     | Noticed Sonja
 11327 | D:11     | Killed Sonja
 11511 | D:11     | Noticed Psyche
 11515 | D:11     | Killed Psyche
 11699 | D:11     | Reached skill level 15 in Fighting
 11707 | D:11     | Found a sacrificial altar of Ru.
 11715 | D:11     | HP: 6/133 [/static electricity (2)]
 11716 | D:11     | Reached * piety under Vehumet
 11716 | D:11     | Offered knowledge of Magic Dart by Vehumet.
 11716 | D:11     | HP: 2/133 [/static electricity (4)]
 12134 | D:11     | Noticed a sixfirhy
 12145 | D:11     | HP: 5/135 [sixfirhy[a kobold demonologist] (11)]
 12145 | D:11     | Mangled by a sixfirhy

Illustrated notes

Levels and vault maps discovered:
D:1:      spicycebolla_arrival_ecumenical, layout_basic
D:2:      layout_basic
D:3:      layout_basic, tgw_trog
D:4:      layout_cave_pools, nicolae_qazlal_style_of_elements, serial_shops,
          shop, amethyst_killhole, guppyfry_early_lair_pool
D:5:      layout_rooms, lemuel_mausoleum_altar_yredelemnul, uniq_eustachio
D:6:      hellmonk_destroyed_diamonds, layout_loops_cross,
          mainiacjoe_overflow_cross_hatched, serial_shops, shop_statue,
          mrwooster_statue_mirror, uniq_jeremiah
D:7:      layout_gridville, minmay_temple_entry_glass, serial_shops,
          nicolae_lakefront_shop, kennysheep_mini,
          nicolae_shop_overgrown_old_shop, nicolae_shop_tiny_waterfront
D:8:      layout_basic, biasface_ghost_orc_armoury
D:9:      layout_roguey, mainiacjoe_overflow_six_doors_small,
          overflow_temple_1_default, hellmonk_lair_entry_icy,
          minmay_orc_entry_temple_small
D:10:     layout_cave_pools, zin_academy, gammafunk_temple_overflow_statue,
          minmay_holes
D:11:     layout_basic, nicolae_ru_sacrificial_ziggurat, uniq_psyche,
          uniq_josephine, uniq_sonja
Temple:   nicolae_temple_god_jail

Skill      XL: |  1  2  3  4  5  6  7  8  9 10 11 |
---------------+----------------------------------+-----
Conjurations   | 1 2 3 4 5 |  5.0
Air Magic      | 3 4 5 7 8 10 12 | 12.0
Spellcasting   | 3 4 |  4.0
Fighting       | 4 8 10 13 15 | 15.8
Dodging        | |  1.7
Stealth        | |  1.4

Action                     |  1- 3 |  4- 6 |  7- 9 | 10-12 || total
---------------------------+-------+-------+-------+-------++-------
  Melee: Dagger            |    10 |       |       |       ||    10
         Unarmed           |     5 |       |       |     8 ||    13
         Whip              |     6 |       |       |       ||     6
         Flail             |       |     9 |       |       ||     9
         Staff             |       |       |     7 |    46 ||    53
         Punch             |       |       |       |     3 ||     3
   Cast: Shock             |    78 |   136 |   203 |   174 ||   591
         Airstrike         |       |     3 |     7 |    32 ||    42
         Static Discharge  |       |     8 |    36 |   104 ||   148
  Evoke: Wand              |       |       |     3 |     4 ||     7
         Tin of tremorston |       |       |       |     4 ||     4
    Use: Scroll            |     2 |     7 |     4 |     1 ||    14
         Potion            |       |       |       |     6 ||     6
 Armour: Robe              |    13 |    52 |    59 |   204 ||   328
         Skin              |       |       |       |    28 ||    28
  Dodge: Dodged            |    14 |    20 |    33 |    95 ||   162

Table legend: (Time is in decaauts)
 A = Elapsed time spent in this place.
 B = Non-inter-level travel time spent in this place.
 C = Inter-level travel time spent in this place.
 D = Time resting spent in this place.
 E = Time spent auto-exploring this place.
 F = Levels seen in this place.
 G = Mean time per level.
                   A        B        C        D        E       F      G
               +--------+--------+--------+--------+--------+-----+--------+
         Total |  12172 |  11742 |    430 |    622 |   9430 |  12 | 1014.3 |
       Dungeon |  12170 |  11740 |    430 |    622 |   9430 |  11 | 1106.4 |
        Temple |      1 |      1 |      0 |      0 |      0 |   1 |    1.0 |
               +--------+--------+--------+--------+--------+-----+--------+

Top non-repeatable levels by time:
     D:9: 1504 daAuts
     D:8: 1382 daAuts
     D:7: 1360 daAuts
    D:10: 1268 daAuts
     D:2: 1195 daAuts
     D:1: 1140 daAuts
     D:5: 1058 daAuts
     D:6: 949 daAuts
    D:11: 883 daAuts
     D:3: 802 daAuts
     D:4: 626 daAuts
  Temple: 1 daAuts
